 Dungeon Crawl Stone Soup version 0.25.0-46-gbd7b0854d2 (webtiles) character file.

Game seed: 11546583443070064629

17364 Peloso the Carver (level 12, -1/105 HPs)
             Began as a Minotaur Fighter on July 17, 2020.
             Was the Champion of Okawaru.
             Engulfed by a cloud of freezing vapour (20 damage)
             ... on level 12 of the Dungeon.
             The game lasted 00:27:11 (12461 turns).

Peloso the Carver (Minotaur Fighter)               Turns: 12461, Time: 00:27:12

Health: -1/105     AC: 15    Str: 24    XL:     12   Next: 18%
Magic:  12/12      EV: 14    Int:  2    God:    Okawaru [******]
Gold:   472        SH: 13    Dex: 18    Spells: 11/11 levels left

rFire    + . .     SeeInvis .   a - +4 falchion (freeze)
rCold    . . .     Gourm    .   c - +0 kite shield
rNeg     . . .     Faith    .   Q - +1 scale mail of Ockun {rF+} (curse)
rPois    .         Spirit   .   (helmet restricted)
rElec    .         Reflect  .   r - +2 cloak
rCorr    .         Harm     .   e - +1 pair of gloves
MR       ++...     Rnd*Rage +   (no boots)
Stlth    +.........             R - necklace of Bloodlust {*Rage +Rage MR++ Int-3 Slay+6 *Curse} (curse)
HPRegen  0.27/turn              (no ring)
MPRegen  0.13/turn              s - +6 ring of dexterity

@: berserk cooldown
A: retaliatory headbutt, horns 2
a: Heroism, Finesse, Renounce Religion, Evoke Berserk Rage


You were on level 12 of the Dungeon.
You worshipped Okawaru.
Okawaru was exalted by your worship.
You were not hungry.

You visited 1 branch of the dungeon, and saw 12 of its levels.
You also visited: Ossuary.

You collected 740 gold pieces.
You spent 268 gold pieces at shops.

Inventory:

Hand Weapons
 a - a +4 falchion of freezing (weapon)
 b - a +0 whip of flaming
Missiles
 M - 58 bolts
Armour
 c - a +0 kite shield (worn)
 e - a +1 pair of gloves (worn)
 m - +0 acid dragon scales
 r - a +2 cloak (worn)
 E - a +1 scale mail of positive energy
 Q - the cursed +1 scale mail of Ockun (worn) {rF+}
   (You found it on level 11 of the Dungeon)

   It protects you from fire.
   It has a curse placed upon it.
Jewellery
 j - an uncursed ring of protection from magic
 n - an uncursed ring of positive energy
 q - an uncursed ring of see invisible
 s - a +6 ring of dexterity (right hand)
 J - an uncursed amulet of the acrobat
 O - an uncursed amulet of magic regeneration
 R - the cursed necklace of Bloodlust (around neck) {*Rage +Rage MR++ Int-3 Slay+6 *Curse}
   (You found it on level 11 of the Dungeon)

   [amulet of nothing]

   It affects your intelligence (-3).
   It affects your accuracy and damage with ranged weapons and melee attacks
   (+6).
   It affects your resistance to hostile enchantments.
   It lets you go berserk.
   It may make you go berserk in combat.
   It curses itself when equipped.
   It has a curse placed upon it.
Wands
 p - a wand of paralysis (11)
 A - a wand of disintegration (8)
 I - a wand of polymorph (6)
 L - a wand of iceblast (13)
Scrolls
 h - a scroll of fear
 i - 2 scrolls of identify
 k - 3 scrolls of blinking {unknown}
 l - a scroll of immolation {unknown}
 v - 6 scrolls of teleportation
 w - 4 scrolls of amnesia
 x - 4 scrolls of remove curse
 y - 6 scrolls of noise {unknown}
 B - a scroll of enchant weapon
 C - a scroll of holy word
 D - a scroll of fog
 K - a scroll of enchant armour {unknown}
 N - a scroll of torment {unknown}
 P - a scroll of magic mapping {unknown}
Potions
 d - a potion of might
 g - 9 potions of curing
 o - a potion of resistance
 t - 2 potions of stabbing
 u - 2 potions of flight
 z - a potion of invisibility
 F - a potion of berserk rage
 G - 2 potions of brilliance
 H - 2 potions of haste
Miscellaneous
 T - a tin of tremorstones (3/3)
Comestibles
 f - 20 rations
 S - 10 chunks of flesh


   Skills:
 + Level 9.4 Fighting
 + Level 14.6 Long Blades
 + Level 9.7 Armour
 + Level 7.1 Dodging
 + Level 2.1 Stealth
 + Level 11.3 Shields
 + Level 2.2 Invocations


You had 11 spell levels left.
You didn't know any spells.
Your spell library contained the following spells:

 Spells                   Type           Power        Failure   Level  Hunger
 Animate Skeleton         Necr           N/A          91%         1    ##.....
 Apportation              Tloc           #.....       91%         1    ##.....
 Corona                   Hex            #......      91%         1    ##.....
 Foxfire                  Conj/Fire      #...         91%         1    ##.....
 Magic Dart               Conj           #...         91%         1    ##.....
 Summon Small Mammal      Summ           #...         91%         1    ##.....
 Blink                    Tloc           N/A          97%         2    ###....
 Call Imp                 Summ           #.......     97%         2    ###....
 Slow                     Hex            #.......     97%         2    ###....
 Conjure Flame            Conj/Fire      #.......     100%        3    ####...
 Inner Flame              Hex/Fire       #.......     100%        3    ####...
 Mephitic Cloud           Conj/Pois/Air  #.......     100%        3    ####...
 Sticky Flame             Conj/Fire      #.......     100%        4    #####..
 Fireball                 Conj/Fire      #.........   100%        5    ######.


Dungeon Overview and Level Annotations

Branches:
Dungeon (12/15)            Temple (0/1) D:6            Lair (0/6) D:11
    Orc (0/2) D:10        Ossuary (visited)

Altars:
Dithmenos
Fedhas
Kikubaaqudgha
Makhleb
Okawaru
Qazlal
Ru
Uskayaw
Vehumet
Xom
Yredelemnul

Shops:
D:5 (   D:6 ?}   D:11 (

Portals:
Bazaar: D:12

Annotations:
D:5 1 runed translucent door, qipq's ghost, amateur CeNe


Innate Abilities, Weirdness & Mutations

You reflexively headbutt those who attack you in melee.
You have a pair of horns on your head.


Message History

Found a stone staircase leading down.
Found a gateway to a bazaar.
Found a robe.
There is an escape hatch in the floor here.
Really walk into a travel-excluded area?
Really walk into that cloud of freezing vapour? [Y]es or [N]o only, please.
Really walk into that cloud of freezing vapour? [Y]es or [N]o only, please.
Really walk into that cloud of freezing vapour?
You enter the shallow water.
Moving in this stuff is going to be slow.
You are engulfed in freezing vapours.
You are engulfed in freezing vapours.
You are engulfed in freezing vapours.
* * * LOW HITPOINT WARNING * * *
You feel yourself speed up.
There is a gateway to a bazaar here.
You are engulfed in freezing vapours.
You die...

. #...#### #.#
......### #...##
.>...#..
###...##......
..........##.#####
....###>.[##☼....
#......#..#.○##
##.###....°°°°≈##
#..###.###.○○@°≈#
#.##...# ##°°○≈##
##.##.###
##.≈°.... #.....#
#°.#.#..# #...###
##°.....#
###..#######
###.....#
............
......
###.######## ..##
##..#


There were no monsters in sight!

Vanquished Creatures
  2 two-headed ogres (D:9)
  An unseen horror (D:10)
  Pikel (D:6)
  An ugly thing (D:11)
  Maggie (D:6)
  2 trolls
  5 hornets
  4 slime creatures (D:11)
  A spriggan (D:10)
  A shadow (D:11)
  Sigmund (D:6)
  3 wyverns
  2 wraiths
  27 yaks
  A hungry ghost (D:8)
  A soldier ant (D:5)
  2 acid dragons
  3 ice beasts
  9 orc warriors
  A black bear (D:11)
  10 ogres
  A sky beast (D:11)
  A necrophage (D:5)
  6 centaurs
  A big kobold (D:10)
  10 bullfrogs
  A wyvern skeleton (D:9)
  2 scorpions
  A water moccasin skeleton (D:5)
  5 killer bees (D:7)
  7 wights
  A howler monkey (D:6)
  4 centaur zombies
  A bullfrog zombie (D:11)
  6 jellies
  A quasit (D:7)
  9 crimson imps
  8 orc priests
  2 centaur skeletons
  A hound (D:11)
  11 orc wizards
  2 bullfrog skeletons
  2 iguanas
  10 worker ants
  2 killer bee zombies
  5 big kobold zombies (Ossuary)
  A mummy (Ossuary)
  A hound skeleton (D:5)
  A worker ant zombie (D:9)
  5 gnolls
  11 adders
  2 shadow imps
  3 oozes
  An adder skeleton (D:6)
  4 worms
  3 dart slugs
  3 leopard geckos
  42 orcs
  6 spectral bats (Ossuary)
  3 giant cockroaches
  7 gnoll zombies (Ossuary)
  9 goblins
  13 hobgoblins
  8 jackals
  2 quokkas
  2 ball pythons (D:4)
  5 bats (D:1)
  A bat simulacrum (Ossuary)
  6 frilled lizards
  2 goblin simulacra (Ossuary)
  3 goblin zombies (Ossuary)
  8 hobgoblin zombies (Ossuary)
  2 jackal skeletons
  10 kobolds
  3 kobold simulacra (Ossuary)
  A kobold zombie (Ossuary)
  6 orc zombies (Ossuary)
  2 rats (D:1)
  A spectral goblin (Ossuary)
  4 spectral kobolds (Ossuary)
  2 spectral rats (Ossuary)
362 creatures vanquished.

Vanquished Creatures (others)
  A bat simulacrum (Ossuary)
  A goblin simulacrum (Ossuary)
  2 rat simulacra (Ossuary)
  4 toadstools (D:1)
8 creatures vanquished.

Grand Total: 370 creatures vanquished

Notes
Turn   | Place    | Note
-------+----------+-------------------------------------------
     0 | D:1      | Peloso the Minotaur Fighter began the quest for the Orb.
     0 | D:1      | Reached XP level 1. HP: 19/19 MP: 0/0
   145 | D:1      | Reached XP level 2. HP: 27/27 MP: 1/1
   446 | D:1      | Reached XP level 3. HP: 33/33 MP: 2/2
  1467 | D:2      | Reached skill level 3 in Long Blades
  1508 | D:2      | Reached XP level 4. HP: 37/40 MP: 3/3
  1743 | D:2      | Found a shadowy altar of Dithmenos.
  1743 | D:2      | Found a burning altar of Makhleb.
  1748 | D:2      | Found a basalt altar of Yredelemnul.
  1750 | D:2      | Found an iron altar of Okawaru.
  1752 | D:2      | Found a sacrificial altar of Ru.
  1756 | D:2      | Became a worshipper of Warmaster Okawaru
  2652 | D:4      | Reached skill level 1 in Dodging
  2652 | D:4      | Reached XP level 5. HP: 37/47 MP: 4/4
  2786 | D:4      | Reached skill level 4 in Long Blades
  2786 | D:4      | Reached skill level 5 in Armour
  2913 | D:4      | Reached XP level 6. HP: 43/53 MP: 5/5
  3043 | D:4      | Reached * piety under Okawaru
  3043 | D:4      | Reached skill level 5 in Long Blades
  3043 | D:4      | Reached skill level 5 in Shields
  3588 | D:5      | Entered Level 5 of the Dungeon
  3601 | D:5      | Reached skill level 6 in Long Blades
  3601 | D:5      | Reached XP level 7. HP: 56/59 MP: 6/6
  4049 | D:5      | Found a runed translucent door.
  4049 | D:5      | Noticed qipq's ghost (amateur CeNe)
  4064 | D:5      | Reached ** piety under Okawaru
  4144 | D:5      | Found an ancient bone altar of Kikubaaqudgha.
  4283 | D:5      | Found Loss's Weapon Shoppe.
  4292 | D:5      | Reached skill level 5 in Fighting
  4308 | D:5      | Reached skill level 7 in Long Blades
  4511 | D:6      | Reached XP level 8. HP: 67/67 MP: 7/7
  4522 | D:6      | Got an ichor-stained ring mail
  4533 | D:6      | Identified the cursed +0 ring mail "Kiul" {Regen+} (You
                  | found it on level 6 of the Dungeon)
  4633 | D:6      | Noticed Maggie
  4675 | D:6      | Killed Maggie
  4675 | D:6      | Reached *** piety under Okawaru
  4675 | D:6      | Reached skill level 8 in Long Blades
  4833 | D:6      | Found a staircase to the Ecumenical Temple.
  4875 | D:6      | Found Dymmaqie's Magic Scroll Boutique.
  4971 | D:6      | Bought a scroll of enchant weapon for 82 gold pieces
  4971 | D:6      | Bought a scroll of amnesia for 38 gold pieces
  4971 | D:6      | Bought a scroll of holy word for 82 gold pieces
  4971 | D:6      | Bought a scroll of identify for 22 gold pieces
  4971 | D:6      | Bought a scroll of identify for 22 gold pieces
  4971 | D:6      | Bought a scroll of fog for 22 gold pieces
  4993 | D:6      | Found Zixzywk's Gadget Emporium.
  5062 | D:6      | Noticed Sigmund
  5072 | D:6      | Killed Sigmund
  5072 | D:6      | Reached skill level 1 in Stealth
  5090 | D:6      | Noticed Pikel
  5113 | D:6      | Killed Pikel
  5113 | D:6      | Reached **** piety under Okawaru
  5113 | D:6      | Reached skill level 9 in Long Blades
  5113 | D:6      | Reached XP level 9. HP: 64/74 MP: 8/8
  5546 | D:7      | Found a sand-covered staircase.
  5566 | Ossuary  | Entered an ossuary
  6092 | D:7      | Reached skill level 10 in Long Blades
  6386 | D:7      | Reached ***** piety under Okawaru
  6628 | D:7      | Reached skill level 11 in Long Blades
  6661 | D:7      | Found a hide-covered altar of Uskayaw.
  6663 | D:7      | Found a shimmering altar of Xom.
  6663 | D:7      | Found a basalt altar of Yredelemnul.
  6665 | D:7      | Found a stormy altar of Qazlal.
  6665 | D:7      | Found a radiant altar of Vehumet.
  6665 | D:7      | Found a burning altar of Makhleb.
  7650 | D:8      | Reached XP level 10. HP: 71/84 MP: 9/9
  7802 | D:8      | Reached skill level 1 in Invocations
  8136 | D:9      | Noticed a two-headed ogre
  8144 | D:9      | Killed a two-headed ogre
  8144 | D:9      | Received a gift from Okawaru
  8685 | D:9      | Reached skill level 12 in Long Blades
  8697 | D:9      | Reached skill level 5 in Dodging
  8753 | D:9      | Noticed a two-headed ogre
  8760 | D:9      | Killed a two-headed ogre
  8760 | D:9      | Received a gift from Okawaru
  9158 | D:10     | Entered Level 10 of the Dungeon
  9161 | D:10     | Received a gift from Okawaru
  9189 | D:10     | Reached skill level 10 in Shields
  9189 | D:10     | Reached XP level 11. HP: 93/94 MP: 11/11
  9403 | D:10     | Noticed an unseen horror
  9412 | D:10     | Killed an unseen horror
  9570 | D:10     | Found a blossoming altar of Fedhas.
 10399 | D:10     | Reached skill level 13 in Long Blades
 10732 | D:10     | Received a gift from Okawaru
 11041 | D:10     | Found a staircase to the Orcish Mines.
 11139 | D:11     | Noticed a cyan ugly thing
 11156 | D:11     | Killed a cyan ugly thing
 11551 | D:11     | Got a polished scale mail
 11562 | D:11     | Identified the cursed +1 scale mail of Ockun {rF+} (You
                  | found it on level 11 of the Dungeon)
 11634 | D:11     | Found the cursed necklace of Bloodlust {*Rage +Rage MR++
                  | Int-3 Slay+6 *Curse}
 11679 | D:11     | Reached ****** piety under Okawaru
 11733 | D:11     | Reached skill level 14 in Long Blades
 11989 | D:11     | Reached XP level 12. HP: 104/104 MP: 12/12
 12019 | D:11     | Found a staircase to the Lair.
 12231 | D:11     | Found Ucashram's Weapon Boutique.
 12284 | D:11     | Received a gift from Okawaru
 12451 | D:12     | Found a gateway to a bazaar.
 12461 | D:12     | Engulfed by a cloud of freezing vapour

Illustrated notes

Levels and vault maps discovered:
D:1:      ldierk_water_garden, layout_basic, hex_tiny
D:2:      layout_basic, chequers_temple_overflow_minitemple,
          minmay_split_cup_large
D:3:      wander_river, layout_basic, first_ration, grunt_decor_cap
D:4:      layout_rooms, abandoned_shop, grunt_decor_arrowhead,
          grunt_ministairs_12
D:5:      layout_cave_pools, nicolae_overflow_crystal_walls,
          hellmonk_ghost_happy_afterlife, serial_shops, shop_statue,
          st_stairs_8, minmay_diced_spiral
D:6:      layout_loops_cross, minmay_temple_entry_tees, serial_shops, shop,
          nicolae_shop_behind_doors, uniq_sigmund, uniq_pikel, uniq_maggie
D:7:      layout_basic, doesnt_xom_only_xom, nicolae_ossuary_entry_monument
D:8:      layout_rooms
D:9:      layout_irregular_city
D:10:     layout_loops_ring, david_orc_4, grunt_pizzeria, minmay_ruined_shrine
D:11:     layout_loops_ring, lair_entry_dummy, serial_shops,
          nicolae_shop_window_shopping
D:12:     layout_rooms, serial_shops, freezing_bzr, hangedman_tell_no_tales

Skill      XL: |  1  2  3  4  5  6  7  8  9 10 11 12 |
---------------+-------------------------------------+-----
Armour         | 4 5 6 7 8 9 |  9.7
Fighting       | 4 5 6 8 9 |  9.4
Shields        | 4 5 6 8 10 11 | 11.3
Long Blades    | 3 4 6 7 9 11 12 14 | 14.6
Dodging        | 1 2 3 5 6 7 |  7.1
Stealth        | 1 2 |  2.1
Invocations    | 1 2 |  2.2

Action                   |  1- 3 |  4- 6 |  7- 9 | 10-12 || total
-------------------------+-------+-------+-------+-------++-------
Melee: Long sword        |    78 |   113 |   363 |   439 ||   993
       Headbutt          |    14 |    27 |   105 |   196 ||   342
       Falchion          |       |       |       |   107 ||   107
Invok: Heroism           |       |       |     5 |     6 ||    11
  Use: Potion            |     1 |       |     2 |       ||     3
       Scroll            |       |       |    12 |     4 ||    16
  Eat: Chunk             |     2 |     6 |     7 |    18 ||    33
       Ration            |       |       |     2 |       ||     2
Armor: Scale mail        |    44 |    56 |   119 |    61 ||   280
       Ring mail         |       |       |     1 |       ||     1
       Acid dragon scale |       |       |       |    55 ||    55
Dodge: Dodged            |    27 |    38 |   119 |   212 ||   396
Block: Kite shield       |    41 |    58 |   227 |   292 ||   618
       Rpst.: Long sword |    11 |     9 |    36 |    28 ||    84
       Falchion          |       |       |       |    10 ||    10
